Unix xNetHack Version 8.0.0 - last build Jun 13 2023 11:06:09 (4b7ecc64c373f7294607d497be3f7ce1783331ac). Game began 2023-06-22 16:07:53, ended 2023-06-22 16:17:14. Moult, neutral male gnomish Healer --- -- ----.--- ..| ----......---.. |....^....<.%-- --.............| --...........|.-- |...........---- |@i.....---.| .-- |.|.|.--- |.- ..| |.|---- |.. -.| |.| --. |.-- --x| |..----..| --.......| ---....-- --.--- --- Moult the Rhizotomist St:10 Dx:10 Co:16 In:15 Wi:14 Ch:13 Neutral S:242 Dlvl:5 $:1057 HP:0(12) Pw:7(7) AC:6 Xp:1/2 T:1248 Latest messages: You read: "E/b&reth". You see no objects here. What do you want to write with? [- ahoqrxBFI-K or ?*] - Do you want to add to the current engraving? n You wipe out the message that was written in the dust here. You write in the dust with your fingertip. Cinnamon bites the kobold zombie. The kobold zombie is destroyed! You hear crashing rock. You see here a rock. A trap door in the ceiling opens and a rock falls on your head! Fortunately, you are wearing a hard helmet. A gush of water hits Cinnamon on the head! Cinnamon is hit by a rock! You hear crashing rock. You see here a tin. L - a tin {10}. You descend the stairs. Cinnamon bites the gnome. The gnome misses Cinnamon. Cinnamon bites the gnome. The gnome misses Cinnamon. Cinnamon bites the gnome. The gnome is killed! M - a candle {2}. You swap places with Cinnamon. Cinnamon suddenly disappears! You stop searching. You materialize in a different location! Killing a monster violates pacifist conduct. You kill the grid bug! You hear some noises in the distance. You hear some noises in the distance. You miss the grid bug. The grid bug bites! You get zapped! You miss the grid bug. The grid bug bites! You get zapped! You kill the grid bug! You swap places with the peaceful dwarf. The grid bug bites! You get zapped! You hear some noises in the distance. The homunculus bites! The homunculus bites! You die... Do you want your possessions identified? y Do you want to see your attributes? y Do you want an account of creatures vanquished? q Inventory: Inventory: 500/700 weight (31/52 slots) Coins $ - 1057 gold pieces {11} Weapons B - a +0 dart {1} o - 2 +0 orcish daggers {20} a - a +0 scalpel (weapon in hand) {5} q - a +0 flail {15} Armor u - an uncursed +0 orcish helm (being worn) {23} b - a blessed +1 pair of leather gloves (being worn) {8} y - an uncursed +0 cloth light armor (being worn) {75} Comestibles l - 6 uncursed apples {12} t - an uncursed candy bar labeled "Snacky Cake" {2} n - an uncursed cram ration {15} v - an uncursed cream pie {10} w - 3 uncursed food rations {60} E - 2 cursed food rations {40} m - an uncursed fortune cookie {1} L - an uncursed tin of szechuan jackal meat {10} p - 2 uncursed eggs {2} G - an uncursed lichen corpse {20} Spellbooks D - a cursed spellbook of blank paper {30} z - an uncursed spellbook of detect monsters {45} Potions C - an uncursed potion of gain level {20} A - an uncursed potion of monster detection {20} Wands I - a wand of locking (0:3) {7} h - a wand of sleep (0:6) {7} Tools H - a +0 grappling hook {30} s - an uncursed stethoscope {4} M - an uncursed tallow candle {2} Gems/Stones J - an uncursed dilithium crystal {1} K - an uncursed worthless piece of black glass {1} r - an uncursed worthless piece of blue glass {1} F - an uncursed worthless piece of orange glass {1} x - an uncursed worthless piece of violet glass {1} Moult the Healer's attributes: Background: You were a Rhizotomist, a level 1 male gnomish Healer. You were neutral, nominally on a mission for Hermes who was opposed by Athena (lawful) and Poseidon (chaotic). You were heterosexual. You were in the Gnomish Mines, on level 5. You entered the dungeon 1248 turns ago. You had 2 experience points, 18 more were needed to attain level 2. Your score was 242 before end-of-game adjustments. Basics: You had 0 out of 12 hit points. You had all 7 energy points (spell power). Your armor class was 6. Your wallet contained 1057 zorkmids. Autopickup was on for '_' plus thrown, with exceptions. Final Characteristics: Your strength was 10 (limit:18/50). Your dexterity was 10 (peak:11, limit:18). Your constitution was 16 (limit:18). Your intelligence was 15 (limit:19). Your wisdom was 14 (limit:18). Your charisma was 13 (limit:18). Final Status: You were not hungry. You were unencumbered. You were wielding a knife. You had basic skill with knife. Final Attributes: You were fervently aligned. You were poison resistant. You had infravision. You were warded. You are dead. Miscellaneous: You never encountered a bones level. Total elapsed playing time was 9 minutes and 21 seconds. Major events: Turn 1: Moult the neutral male gnomish Healer entered the dungeon 961: entered the Gnomish Mines 1248: killed by a homunculus Vanquished creatures: 2 acid blobs a manes 2 giant rats a yellow mold 4 gnomes 2 geckos 5 jackals 3 foxes 2 goblins 6 grid bugs a lichen 2 kobold zombies 4 newts 35 creatures vanquished. No species were genocided or became extinct. Voluntary challenges: You were an atheist. You read items or engraved 6 times. You never genocided any monsters. You never polymorphed an object. You never changed form. You never touched an artifact. You used no wishes. You were celibate. You never generated conflict. Achievements: You entered a shop. You entered the Gnomish Mines. Dungeon overview: The Dungeons of Doom: levels 1 to 4 Level 1: A tree. Level 2: "stash and vault" A general store, a fountain. Level 3: Stairs down to The Gnomish Mines. Level 4: The Gnomish Mines: levels 4 to 5 Level 4: Level 5: <- You were here. Final resting place for you, killed by a homunculus. Game over: __________ / \ / REST \ / IN \ / PEACE \ / \ | Moult | | 1057 Au | | killed by a | | homunculus | | | | | | 2023 | *| * * * | * _________)/\\_//(\/(/\)/\//\/|_)_______ Goodbye Moult the Healer... You died in The Gnomish Mines on dungeon level 5 with 239 points, and 1057 pieces of gold, after 1248 moves. You were level 1 with a maximum of 12 hit points when you died.